 Dungeon Crawl Stone Soup version 0.17.1-2-g5865329 (webtiles) character file.

153 nuller26 the Sneak (level 5, -9/24 HPs)
             Began as a Spriggan Enchanter on Feb 4, 2016.
             Was an Initiate of Dithmenos.
             Killed by nerve-wracking pain
             ... invoked by Grinder
              (10 damage)
             ... on level 3 of the Dungeon.
             The game lasted 00:07:07 (2457 turns).

nuller26 the Sneak (Spriggan Enchanter)             Turns: 2457, Time: 00:07:07

Health: -9/24      AC:  9    Str:  4    XL:     5   Next: 12%
Magic:  10/10      EV: 18    Int: 18    God:    Dithmenos [......]
Gold:   174        SH:  0    Dex: 16    Spells: 2 memorised, 6 levels left

rFire  . . .     SeeInvis +     n - +6 dagger (protect)
rCold  . . .     Clarity  .     b - +1 robe
rNeg   . . .     SustAt   .     (shield restricted)
rPois  .         Gourm    .     (helmet restricted)
rElec  .         Spirit   .     (no cloak)
rCorr  .         Warding  .     (gloves unavailable)
rMut   .         Stasis   .     (boots unavailable)
MR     .....                    (no amulet)
Stlth  ++++......               (no ring)
                                (no ring)

@: exhausted, slowed, quick, not resistant to hostile enchantments, stealthy
A: unfitting armour, hooves 1, icy blue scales 1, see invisible, herbivore 3,
speed 3, slow metabolism 2
a: Renounce Religion


You were on level 3 of the Dungeon.
You worshipped Dithmenos.
Dithmenos was noncommittal.
You were very hungry.

You visited 1 branch of the dungeon, and saw 3 of its levels.

You collected 174 gold pieces.

Inventory:

Hand Weapons
 a - a +1 dagger
 n - a +6 dagger of protection (weapon)
Armour
 b - a +1 robe (worn)
Scrolls
 e - a scroll of identify {unknown}
 o - 2 scrolls of remove curse
Potions
 k - a potion of curing {unknown}
 l - a potion of heal wounds {unknown}
Books
 c - a book of Maledictions

   Spells                             Type                      Level
   a - Corona                         Hexes                        1
   b - Ensorcelled Hibernation        Hexes/Ice                    2
   c - Confuse                        Hexes                        3
   d - Tukima's Dance                 Hexes                        3
   e - Dazzling Spray                 Conjuration/Hexes            3
Comestibles
 d - 3 bread rations
 g - a royal jelly
 j - 3 fruits


   Skills:
 * Level 2.7 Short Blades
 - Level 3.0 Dodging
 + Level 7.9 Stealth
 - Level 2.6 Spellcasting
 - Level 3.6 Hexes
 + Level 0.7 Ice Magic


You had 6 spell levels left.
You knew the following spells:

 Your Spells              Type           Power        Failure   Level  Hunger
a - Corona                Hex            ###....      4%          1    #......
b - Ensorcelled Hibernat  Hex/Ice        ##....       12%         2    ##.....


Dungeon Overview and Level Annotations

Branches:
Dungeon (3/15)

Altars:
Dithmenos
Gozag

Annotations:
D:3 Grinder


Innate Abilities, Weirdness & Mutations

You are tiny and cannot use many weapons and most armour.
You have supernaturally acute eyesight.
You are a herbivore.
You cover ground extremely quickly.
You need consume almost no food.
You have large cloven feet.
You are partially covered in icy blue scales (AC +1).


Message History

* * * LOW HITPOINT WARNING * * *
The jackal bites you but does no damage.
The jackal misses you.
You feel a strong urge to attack something.
Grinder gestures at you. You resist with some effort. The jackal misses you.
You feel your anger subside.
Grinder says, "DUCK!"
You are no longer berserk.
You are exhausted.
You feel yourself slow down.
You are feeling very hungry.
Grinder gestures.
Grinder blinks!
Grinder says, "Mostly I couldn't keep them alive."
Grinder gestures.
Grinder blinks!
Grinder gestures at you. Pain shoots through your body!
You die...

.......§#§#§ ......
.....)§§§§§
#....#####.#...§#.#§
#...........>..§.#.§
#.5...##.#.#..#####§
#........#..........
#.....##.#.#..#####.
##.#.....§..S..........
#.....@h.h.......######
#...##.#.##.###..# #.
#.#.........#
#....#####.## .....#
#.# #..#.# #!. #..#.#
##. #..#.. .


You could see Grinder, an adder and 2 jackals.

Vanquished Creatures
  The ghost of cba the Ducker, a weakling FeMo (D:3)
  Ijyb (D:2)
  Jessica (D:2)
  2 adders
  A giant gecko (D:3)
  3 orcs (D:3)
  6 giant cockroaches
  5 hobgoblins
  7 jackals (D:2)
  6 bats
  4 giant newts
  4 goblins
  6 kobolds
  5 rats
52 creatures vanquished.

Vanquished Creatures (others)
  4 toadstools (D:1)
4 creatures vanquished.

Grand Total: 56 creatures vanquished

Notes
Turn   | Place    | Note
--------------------------------------------------------------
     0 | D:1      | nuller26 the Spriggan Enchanter began the quest for the Orb.
     0 | D:1      | Reached XP level 1. HP: 9/9 MP: 5/5
    99 | D:1      | Reached skill level 5 in Stealth
   418 | D:1      | Reached XP level 2. HP: 13/13 MP: 4/6
   852 | D:1      | Learned a level 2 spell: Ensorcelled Hibernation
   997 | D:2      | Reached skill level 6 in Stealth
  1045 | D:2      | Noticed Jessica
  1058 | D:2      | Reached XP level 3. HP: 13/16 MP: 8/8
  1071 | D:2      | Noticed Ijyb
  1074 | D:2      | Killed Ijyb
  1685 | D:2      | Killed Jessica
  1685 | D:2      | Reached skill level 7 in Stealth
  1685 | D:2      | Reached XP level 4. HP: 21/21 MP: 7/9
  2066 | D:3      | Noticed cba's ghost (weakling FeMo)
  2078 | D:3      | Gained mutation: You are partially covered in icy blue scales (AC +1). [potion of beneficial mutation]
  2092 | D:3      | Killed cba's ghost
  2095 | D:3      | Gained mutation: You have large cloven feet. [potion of beneficial mutation]
  2310 | D:3      | Reached XP level 5. HP: 24/24 MP: 2/10
  2367 | D:3      | Found an opulent altar of Gozag.
  2388 | D:3      | Found a shadowy altar of Dithmenos.
  2406 | D:3      | Became a worshipper of Dithmenos the Shadowed
  2431 | D:3      | Noticed Grinder
  2443 | D:3      | Paralysed by Grinder for 2 turns
  2449 | D:3      | HP: 1/36 [Grinder (1)]
  2457 | D:3      | Killed from afar by Grinder

Action                   |  1- 3 |  4- 6 || total
-------------------------+-------+-------++-------
Melee: Dagger            |   116 |    45 ||   161
 Cast: Corona            |    12 |     3 ||    15
       Ensorcelled Hiber |    10 |    13 ||    23
  Use: Scroll            |     1 |     4 ||     5
       Potion            |       |     5 ||     5
 Stab: Sleeping          |    16 |     7 ||    23
